 Dungeon Crawl Stone Soup version 0.24-a0-487-g57318f2ed0 (webtiles) character file.

Game seed: 15664023673347184818

409 Azzok the Magician (level 6, 0/32 HPs)
             Began as a Deep Elf Earth Elementalist on July 10, 2019.
             Was an Initiate of Sif Muna.
             Killed by divine providence
             ... invoked by an orc priest
              (11 damage)
             ... on level 4 of the Dungeon.
             The game lasted 00:05:29 (4941 turns).

Azzok the Magician (Deep Elf Earth Elementalist)    Turns: 4941, Time: 00:05:30

Health: 0/32       AC:  5    Str:  5    XL:     6   Next: 58%
Magic:  11/18      EV: 13    Int: 22    God:    Sif Muna [......]
Gold:   122        SH:  0    Dex: 15    Spells: 10/19 levels left

rFire    . . .     SeeInvis .   s - +0 quarterstaff (curse)
rCold    . . .     Gourm    .   (shield currently unavailable)
rNeg     . . .     Faith    .   c - +0 robe
rPois    .         Spirit   .   (no helmet)
rElec    .         Reflect  .   i - +2 cloak
rCorr    .         Harm     .   (no gloves)
MR       .....                  (no boots)
Stlth    ++........             (no amulet)
HPRegen  0.10/turn              (no ring)
MPRegen  0.16/turn              (no ring)

@: very slightly contaminated
A: no striking features
a: Renounce Religion


You were on level 4 of the Dungeon.
You worshipped Sif Muna.
Sif Muna was noncommittal.
You were not hungry.

You visited 1 branch of the dungeon, and saw 4 of its levels.

You collected 122 gold pieces.

Inventory:

Hand Weapons
 s - a cursed +0 quarterstaff (weapon)
Missiles
 b - 75 stones (quivered)
Armour
 c - a +0 robe (worn)
 i - a +2 cloak (worn)
Wands
 a - a wand of enslavement (1)
Scrolls
 e - a scroll of fog {unknown}
 g - 6 scrolls of remove curse {unknown}
 h - a scroll of enchant weapon {unknown}
 l - 2 scrolls of magic mapping {unknown}
 m - 2 scrolls of blinking {unknown}
 o - a scroll of noise {unknown}
 r - a scroll of teleportation {unknown}
 w - a scroll of immolation {unknown}
Potions
 f - a potion of haste
 j - a potion of lignification {unknown}
 k - a potion of heal wounds
 n - a potion of curing {unknown}
 p - a potion of brilliance
 q - a potion of degeneration {unknown}
 t - a potion of ambrosia {unknown}
 u - 2 potions of mutation {unknown}
Comestibles
 d - 4 rations
 v - 3 chunks of flesh


   Skills:
 - Level 2.4 Dodging
 - Level 2.4 Stealth
 + Level 7.0 Spellcasting
   Level 1.1 Transmutations
 + Level 6.2 Earth Magic


You had 10 spell levels left.
You knew the following spells:

 Your Spells              Type           Power        Failure   Level  Hunger
a - Sandblast             Erth           #####.       1%          1    None
b - Stone Arrow           Conj/Erth      ###...       7%          3    None
d - Lee's Rapid Deconstr  Erth           #####.....   17%         5    #####..

Your spell library contained the following spells:

 Spells                   Type           Power        Failure   Level  Hunger
 Passwall                 Tmut/Erth      ###.....     2%          2    None
 Petrify                  Tmut/Erth      ###.....     19%         4    ###....


Dungeon Overview and Level Annotations

Branches:
Dungeon (4/15)             Temple (0/1) D:4

Altars:
Kikubaaqudgha
Qazlal
Sif Muna


Message History

Aiming: Sandblast (safe; 1% risk of failure)
Press: ? - help, Shift-Dir - straight line, f/p - orc priest
Aim: an orc priest, wielding a +0 hand axe and wearing a +0 ring mail (almost dead)
You miscast Sandblast.
You are very lightly contaminated with residual magic.
Nothing appears to happen.
The orc priest hits you with a +0 hand axe.
The orc misses you.
Casting: Sandblast (safe; 1% risk of failure)
Confirm with . or Enter, or press ? or * to list all spells.
Aiming: Sandblast (safe; 1% risk of failure)
Press: ? - help, Shift-Dir - straight line, f/p - orc priest
Aim: an orc priest, wielding a +0 hand axe and wearing a +0 ring mail (almost dead)
The blast of sand hits the orc priest but does no damage.
The orc priest is almost dead.
b - 75 stones The orc priest barely misses you.
The orc barely misses you.
The orc priest calls down the wrath of Beogh upon you.
Beogh smites you!
You die...

▒····▒· ▒········
▒··<···>·
▒▒▒▒▒▒▒·······▒
▒▒·▒·▒·········▒
▒▒··▒···<·······
▒···············
▒▒·····)····▒·▒▒·
▒······@····▒ ·▒
▒·········?·▒
▒····o▒oo···▒··
▒················▒
▒▒▒····▒o▒·········
▒····▒o▒▒▒·······
▒···▒▒···▒▒▒···▒>
▒··· ····· ·▒··▒ ·
··>·· ·····


You could see 2 orc priests and 3 orcs.

Vanquished Creatures
  Sigmund (D:4)
  A hound (D:4)
  Ijyb (D:3)
  Natasha (twice) (D:2)
  7 adders
  An ooze (D:2)
  An adder skeleton (D:4)
  3 worms
  3 dart slugs
  4 leopard geckos
  An orc (D:3)
  A ball python (D:3)
  9 bats
  3 giant cockroaches
  7 goblins
  8 hobgoblins
  9 kobolds
  2 quokkas
  4 frilled lizards
  7 rats
75 creatures vanquished.

Notes
Turn   | Place    | Note
-------+----------+-------------------------------------------
     0 | D:1      | Azzok the Deep Elf Earth Elementalist began the quest for
                  | the Orb.
     0 | D:1      | Reached XP level 1. HP: 10/10 MP: 6/6
   162 | D:1      | Reached XP level 2. HP: 15/15 MP: 5/8
   965 | D:2      | Reached skill level 4 in Spellcasting
   966 | D:2      | Reached XP level 3. HP: 10/19 MP: 3/10
  1205 | D:2      | Learned a level 3 spell: Stone Arrow
  1538 | D:2      | Noticed Natasha
  1541 | D:2      | Killed Natasha
  1541 | D:2      | Reached XP level 4. HP: 20/24 MP: 1/12
  1689 | D:2      | Reached skill level 5 in Spellcasting
  1743 | D:2      | Found a deep blue altar of Sif Muna.
  1743 | D:2      | Found a stormy altar of Qazlal.
  1899 | D:2      | Became a worshipper of Sif Muna the Loreminder
  2528 | D:2      | Noticed Natasha
  2535 | D:2      | Killed Natasha
  2535 | D:2      | Reached skill level 5 in Earth Magic
  2535 | D:2      | Reached XP level 5. HP: 20/28 MP: 8/15
  2542 | D:2      | Learned a level 5 spell: Lee's Rapid Deconstruction
  2959 | D:3      | Found an ancient bone altar of Kikubaaqudgha.
  3134 | D:3      | Noticed Ijyb
  3331 | D:3      | Killed Ijyb
  3331 | D:3      | Reached skill level 6 in Spellcasting
  4418 | D:4      | Noticed Sigmund
  4831 | D:4      | Killed Sigmund
  4831 | D:4      | Reached skill level 7 in Spellcasting
  4831 | D:4      | Reached XP level 6. HP: 23/32 MP: 12/18
  4927 | D:4      | Found a staircase to the Ecumenical Temple.
  4941 | D:4      | Killed from afar by an orc priest

Levels and vault maps discovered:
D:1:      dpeg_arrival_arbitrary_b, layout_basic
D:2:      layout_basic, chequers_temple_overflow_statue_of_worship,
          minmay_goblin_outpost, uniq_natasha
D:3:      layout_basic, kiku_gazebo_pond_becter, chequers_jeans, uniq_ijyb
D:4:      layout_cave_pools, minmay_temple_entry_slanted, first_ration,
          serial_shops, nicolae_shop_waterfront, tso_altar, uniq_sigmund,
          uniq_blork_the_orc

Skill      XL: |  1  2  3  4  5 |
---------------+----------------+-----
Spellcasting   | 4 5 7 |  7.0
Earth Magic    | 4 5 6 |  6.2
Dodging        | |  2.4
Stealth        | |  2.4
Transmutations | |  1.1

Action                   |  1- 3 |  4- 6 || total
-------------------------+-------+-------++-------
Melee: Unarmed           |    22 |       ||    22
       Club              |    38 |     7 ||    45
 Cast: Sandblast         |    23 |    34 ||    57
       Stone Arrow       |    10 |    58 ||    68
  Use: Scroll            |       |     3 ||     3
  Eat: Chunk             |     3 |    12 ||    15
Armor: Robe              |    51 |     7 ||    58
Dodge: Dodged            |    99 |    30 ||   129

Table legend:
 A = Non-vault XP
 B = Vault XP
 C = Vault XP percentage of total XP
 D = Non-vault monster count
 E = Vault monster count
 F = Vault count percentage of total count
                 A         B        C        D         E       F
            +---------+---------+-------+---------+---------+-------
      Total |     297 |     288 |  49.2 |      68 |       7 |   9.3
            +---------+---------+-------+---------+---------+-------
        D:1 |      25 |       0 |   0.0 |      14 |       0 |   0.0
        D:2 |     154 |      44 |  22.2 |      30 |       5 |  14.3
        D:3 |      71 |      36 |  33.6 |      22 |       1 |   4.3
        D:4 |      47 |     208 |  81.6 |       2 |       1 |  33.3
            +---------+---------+-------+---------+---------+-------
